AoeStats
← zamithdaniel

Nomad

507544766Analyzed
2v2 RM · 15d ago on Sep 18, 2026· 56m 36s· 4 players
Game mode
Random Map
Map size
176×176
Population
200
Speed
Normal
Resources
Standard
Victory
Conquest
Starting age
Dark Age
Ending age
Imperial Age
RankedLock teamsTeams togetherTeam positionsShared explorationLock speedFull tech treeHidden civsTurbo modeCheats
Victory
Defeat
🇦🇷 Teutons · Argentina
991
+16
🇦🇷 Lithuanians · Argentina
968
+17
🇨🇴 Turks · Colombia
1002
-17
🇲🇽 Italians · Mexico
992
-16
NPG | gab
15:09 Feudal Age
14:53 Loom
16:57 Double-Bit Axe
18:06 Fishing Lines
19:44 Fletching
20:32 Padded Archer Armor
25:01 Castle Age
24:22 Scale Mail Armor
24:33 Forging
25:12 Crossbowman
26:17 Bodkin Arrow
28:22 Gambesons
28:38 Squires
33:33 Wheelbarrow
34:38 Ballistics
40:59 Imperial Age
39:01 Bow Saw
38:51 Horse Collar
40:09 Hand Cart
40:00 Gold Mining
41:01 Capped Ram
43:10 Elite Teutonic Knight
44:42 Chain Mail Armor
45:04 Iron Casting
45:32 Conscription
46:08 Plate Mail Armor
46:57 Gillnets
47:29 Heavy Plow
47:52 Conscription
49:22 Blast Furnace
48:48 Arson
50:44 Hoardings
53:32 Crenellations
MarionChip
12:46 Feudal Age
13:21 Loom
13:44 Double-Bit Axe
20:05 Scale Barding Armor
20:11 Forging
21:36 Wheelbarrow
27:45 Castle Age
27:06 Bloodlines
26:57 Fletching
27:05 Horse Collar
27:24 Stone Mining
29:44 Hand Cart
31:59 Bow Saw
33:06 Husbandry
38:30 Chain Barding Armor
43:25 Imperial Age
43:00 Ballistics
43:47 Iron Casting
43:08 Bodkin Arrow
43:44 Gold Mining
44:29 Stone Shaft Mining
43:37 Cavalier
44:59 Plate Barding Armor
44:23 Bodkin Arrow
45:20 Paladin
49:06 Chemistry
48:16 Masonry
51:09 Heavy Plow
51:27 Elite Cannon Galleon
rancira95
13:46 Feudal Age
18:01 Double-Bit Axe
22:09 Castle Age
27:52 Thumb Ring
27:58 Fletching
28:14 Padded Archer Armor
28:36 Elite Skirmisher
38:40 Imperial Age
37:25 Bodkin Arrow
37:46 Leather Archer Armor
37:28 Gold Mining
38:39 Ballistics
40:29 Chemistry
zamithdaniel
9:34 Loom
17:43 Feudal Age
16:44 Loom
20:47 Padded Archer Armor
24:16 Fletching
25:19 Forging
28:22 Castle Age
28:42 Crossbowman
33:09 Fishing Lines
39:02 Gold Mining
42:47 Imperial Age
48:30 Scale Barding Armor
49:02 Iron Casting
Connection lost

Rejoining the realm…

Still unreachable

The connection could not be restored.

Session expired

The server has moved on; the page needs a fresh start.